 Dungeon Crawl Stone Soup version 0.25.0-9-g26727b657a (webtiles) character file.

Game seed: 17698047381218503404

124 HoaS the Twirler (level 5, -2/32 HPs)
             Began as a Gargoyle Gladiator on June 18, 2020.
             Slain by an orc warrior
             ... wielding a +0 hand axe
              (9 damage)
             ... on level 2 of the Dungeon.
             The game lasted 00:06:03 (1719 turns).

HoaS the Twirler (Gargoyle Gladiator)               Turns: 1719, Time: 00:06:04

Health: -2/32      AC: 14    Str: 18    XL:     5   Next: 8%
Magic:  5/5        EV:  7    Int:  9    God:
Gold:   142        SH:  0    Dex: 11    Spells: 4/4 levels left

rFire    . . .     SeeInvis .   a - +0 quarterstaff
rCold    . . .     Gourm    .   (shield currently unavailable)
rNeg     + . .     Faith    .   i - +0 chain mail
rPois    ∞         Spirit   .   c - +1 helmet
rElec    +         Reflect  .   (no cloak)
rCorr    .         Harm     .   (no gloves)
MR       .....                  (no boots)
Stlth    ..........             (no amulet)
HPRegen  0.10/turn              (no ring)
MPRegen  0.09/turn              (no ring)

@: no status effects
A: negative energy resistance 1, electricity resistance, unbreathing,
petrification resistance, rot immunity, AC +4
a: no special abilities


You were on level 2 of the Dungeon.
You were not hungry.

You visited 1 branch of the dungeon, and saw 3 of its levels.

You collected 142 gold pieces.

Inventory:

Hand Weapons
 a - a +0 quarterstaff (weapon)
Missiles
 d - 3 throwing nets (quivered)
Armour
 c - a +1 helmet (worn)
 i - a +0 chain mail (worn)
Potions
 b - 2 potions of degeneration {unknown}
 e - 4 potions of curing {unknown}
Comestibles
 f - 7 rations
 g - a chunk of flesh


   Skills:
 + Level 3.6 Fighting
 * Level 4.9 Staves
 - Level 1.7 Throwing
 - Level 2.4 Dodging


You had 4 spell levels left.
You didn't know any spells.
Your spell library was empty.

Dungeon Overview and Level Annotations

Branches:
Dungeon (3/15)

Altars:
Xom


Innate Abilities, Weirdness & Mutations

You are resistant to torment.
Your stone body is resilient. (AC +4)
You are immune to poison.
You resist negative energy. (rN+)
You are resistant to electric shocks. (rElec)
You can survive without breathing.
You are immune to petrification.
You are immune to rotting.


Message History

HP restored.
You climb downwards.
The orc warrior hits you with a +0 hand axe!
There is a stone staircase leading up here.
You see here 7 stones.
The orc priest splashes around in the water.
The orc warrior hits you but does no damage.
You climb upwards.
There is a stone staircase leading down here.
Okay, then.
Your chain mail prevents you from hitting the orc priest.
The orc priest calls down the wrath of Beogh upon you.
Beogh smites you!
The orc warrior hits you with a +0 hand axe.
* * * LOW HITPOINT WARNING * * *
You thump the orc priest!
The orc priest is heavily wounded.
The orc priest closely misses you.
The orc warrior hits you with a +0 hand axe!
You die...

#....#8.......8#
#.#
..##.#....[)...#
#.#
######.........#
###.# #
#8.......8# #...#
#
#.8.8.8.8.###.###
############..#
#.## #..# #.##
#..# ##.####.#
##.###..###@o#
#......##[o##
#..###.##.##
#####>.###.##.#
###.......#..##.#
....#####...###.#
##### ###..##..#
##.....#.##
#..###.#.#


You could see an orc warrior and an orc priest.

Vanquished Creatures
  A worker ant (D:2)
  2 adders (D:3)
  2 worms (D:2)
  3 leopard geckos
  6 orcs
  13 bats
  3 giant cockroaches
  10 goblins
  3 hobgoblins
  2 jackals (D:1)
  7 kobolds
  A quokka (D:2)
  2 ball pythons
  3 frilled lizards
  7 rats
65 creatures vanquished.

Notes
Turn   | Place    | Note
-------+----------+-------------------------------------------
     0 | D:1      | HoaS the Gargoyle Gladiator began the quest for the Orb.
     0 | D:1      | Reached XP level 1. HP: 12/12 MP: 1/1
    85 | D:1      | Reached XP level 2. HP: 12/18 MP: 2/2
   409 | D:1      | Reached XP level 3. HP: 22/22 MP: 3/3
   742 | D:2      | Reached skill level 4 in Staves
  1068 | D:2      | Reached XP level 4. HP: 28/28 MP: 4/4
  1124 | D:2      | Found a sacrificial altar of Ru.
  1128 | D:2      | Found a shattered altar of Ashenzari.
  1128 | D:2      | Found a shimmering altar of Xom.
  1130 | D:2      | Found an ancient bone altar of Kikubaaqudgha.
  1130 | D:2      | Found a snail-covered altar of Cheibriados.
  1130 | D:2      | Found an iron altar of Okawaru.
  1369 | D:3      | Reached XP level 5. HP: 31/32 MP: 5/5
  1406 | D:3      | Noticed an orc warrior
  1407 | D:3      | Noticed a phantom
  1719 | D:2      | Slain by an orc warrior

Illustrated notes

Levels and vault maps discovered:
D:1:      wheals_arrival_shading, layout_rooms
D:2:      layout_rooms, doesnt_xom_only_xom
D:3:      layout_basic, amethyst_overflow_temple_binary, serial_rivers,
          chequers_serial_rivers_micro_d, chequers_serial_rivers_small_3,
          chequers_serial_rivers_large_b, chequers_serial_rivers_small_3,
          chequers_serial_rivers_micro_c, uniq_grinder, uniq_terence

Skill      XL: |  1  2  3 |
---------------+----------+-----
Staves         | 4 |  4.9
Fighting       | 3 |  3.6
Throwing       | |  1.7
Dodging        | |  2.4

Action                   |  1- 3 |  4- 6 || total
-------------------------+-------+-------++-------
Melee: Quarterstaff      |   122 |    64 ||   186
  Use: Scroll            |     3 |     2 ||     5
  Eat: Chunk             |     1 |     2 ||     3
Armor: Leather armour    |     6 |       ||     6
       Scale mail        |    28 |       ||    28
       Chain mail        |    30 |    73 ||   103
Dodge: Dodged            |    68 |    30 ||    98
